 Dungeon Sprint DCSS version 0.16.1-5-gaa23807 (webtiles) character file.

875 roverover the Basher (level 7, -25/52 HPs)
             Began as a Minotaur Wanderer on Mar 28, 2015.
             Killed from afar by a deep elf conjurer (33 damage)
             ... with a bolt of cold
             ... in the Dungeon (Sprint V: "Ziggurat Sprint").
             The game lasted 00:03:23 (194 turns).

roverover the Basher (Minotaur Wanderer)             Turns: 194, Time: 00:03:24

Health: -25/52     AC: 27    Str: 17    XL:     7   Next: 74%
Magic:  3/3        EV: -4    Int:  9    God:
Gold:   0          SH: 25    Dex: 11    Spells: 0 memorised, 6 levels left

rFire  + . .     SeeInvis .     n - +5 demon whip
rCold  x . .     Clarity  .     j - +5 crystal plate armour
rNeg   + + .     SustAb   .     E - +18 shield of the gong {rElec rN+ MR+ EV-5}
rPois  +         Gourm    .     (helmet restricted)
rElec  +         Spirit   .     (no cloak)
rCorr  .         Warding  .     (no gloves)
rMut   .         NoTele   +     (no boots)
MR     +....                    (no amulet)
Stlth  ..........               (no ring)
                                c - ring "Groqayla" {Fire rElec rPois rN+ Slay+2}

@: very slightly contaminated, non-regenerating, mildly diseased, drained,
invisible, somewhat resistant to hostile enchantments, extremely unstealthy
A: retaliatory headbutt, horns 2
a: no special abilities


You were in the Dungeon.
You were not hungry.

You visited 1 branch

Inventory:

Hand weapons
 n - a +5 demon whip (weapon)
Armour
 j - a +5 crystal plate armour (worn)
 E - the +18 shield of the gong (worn) {rElec rN+ MR+ EV-5}
   (You found it in the Dungeon)

   It affects your evasion (-5).
   It insulates you from electricity.
   It protects you from negative energy.
   It affects your resistance to hostile enchantments.
Jewellery
 c - the ring "Groqayla" (left hand) {Fire rElec rPois rN+ Slay+2}
   (You found it in the Dungeon)

   [ring of fire]

   It enhances your fire magic, and weakens your ice magic.
   It affects your accuracy and damage with ranged weapons and melee attacks
   (+2).
   It protects you from fire.
   It makes you vulnerable to cold.
   It insulates you from electricity.
   It protects you from poison.
   It protects you from negative energy.
Magical devices
 y - a wand of disintegration (7)
 A - a wand of fire (5)
 B - a wand of cold (5)
 C - a wand of draining (5)
Scrolls
 i - 4 scrolls of blinking
 q - 4 scrolls of amnesia
 r - 3 scrolls of recharging
 s - 8 scrolls of fog
 t - a scroll of holy word
 u - 5 scrolls of identify
 v - 5 scrolls of remove curse
 w - 2 scrolls of fear
Potions
 a - 2 potions of brilliance
 b - 10 potions of curing
 e - 6 potions of heal wounds
 f - 6 potions of haste
 g - 7 potions of magic
 h - 3 potions of berserk rage
 k - a potion of invisibility
 l - 2 potions of restore abilities
 m - 4 potions of resistance
 o - 6 potions of agility
 p - 5 potions of might
Comestibles
 d - 5 bread rations
 x - 42 fruits
 z - 4 meat rations


   Skills:
 - Level 1.2(0.9) Fighting
   Level 2.4(9.6) Axes
 - Level 14.3(14.0) Maces & Flails
 - Level 1.0(0.7) Throwing
 + Level 14.0(13.7) Armour
 - Level 1.0(0.7) Stealth


You had 6 spell levels left.
You didn't know any spells.

Dungeon Overview and Level Annotations

Branches:
Dungeon (1/1)

Altars:
Ashenzari
Cheibriados
Dithmenos
Elyvilon
Fedhas
Gozag
Kikubaaqudgha
Makhleb
Nemelex Xobeh
Okawaru
Qazlal
Ru
Sif Muna
Trog
Vehumet
Xom
Yredelemnul
Zin
The Shining One
Beogh
Jiyva
Lugonu


Innate Abilities, Weirdness & Mutations

You reflexively headbutt those who attack you in melee.
You have a pair of horns on your head.


Message History

* * * LOW HITPOINT WARNING * * *
You miss the deep elf conjurer.
Your headbutt misses the deep elf conjurer.
The deep elf conjurer is lightly wounded.
You block the deep elf conjurer's attack.
GONNNNG!
You catch the helpless deep elf conjurer completely off-guard!
You hit the deep elf conjurer.
The deep elf conjurer is lightly wounded.
The deep elf conjurer points at you and mumbles some strange words.
The bolt of negative energy hits you! You partially resist.
You feel drained.
* * * LOW HITPOINT WARNING * * *
Unknown command.
You hit the deep elf conjurer.
The deep elf conjurer is moderately wounded.
The deep elf conjurer hits you but does no damage.
The deep elf conjurer points at you and mumbles some strange words.
The bolt of cold hits you!
You feel a terrible chill!
Ouch! That really hurt!
You die...

▓▓▓▓▓▓▓▓▓▓▓▓▓▓▓▓▓▓▓
▓.8©8.▓.8©8.▓.8©8.▓
▓.[)=.▓...:.▓.....▓
▓..:..▓.....▓...).▓
▓.....▓.....▓.....▓
▓.....▓.....▓.....▓
▓..e.e▓.....▓.....▓
▓...e@▓.....▓▓▓▓▓▓▓
▓▓▓▓▓▓▓▓▓▓▓▓▓


You could see 2 deep elf conjurers and a deep elf priest.

Vanquished Creatures
  A deep elf conjurer (D)
  An ancient zyme (D)
  A tarantella (D)
  A scorpion (D)
  2 shadow imps (D)
6 creatures vanquished.

Notes
Turn   | Place    | Note
--------------------------------------------------------------
     0 | D        | roverover, the Minotaur Wanderer, began the quest for the Orb.
     0 | D        | roverover set off with: a +2 scale mail, 2 potions of curing, a +0 mace, a bread ration, a potion of heal wounds, a potion of haste, 2 potions of magic, a potion of berserk rage, a scroll of blinking
     0 | D        | Reached XP level 1. HP: 16/16 MP: 1/1
     0 | D        | Found a basalt altar of Yredelemnul.
     0 | D        | Found an iron altar of Okawaru.
    14 | D        | Found a radiant altar of Vehumet.
    14 | D        | Found a shimmering altar of Xom.
    16 | D        | Found a corrupted altar of Lugonu.
    16 | D        | Found a burning altar of Makhleb.
    17 | D        | Found a viscous altar of Jiyva.
    17 | D        | Found a white marble altar of Elyvilon.
    19 | D        | Found a sparkling altar of Nemelex Xobeh.
    19 | D        | Found a deep blue altar of Sif Muna.
    26 | D        | Found a bloodstained altar of Trog.
    74 | D        | Reached skill level 9 in Maces & Flails
    74 | D        | Reached XP level 2. HP: 23/23 MP: 1/1
    97 | D        | Entered arena 1.
    97 | D        | Noticed a tarantella
    97 | D        | Noticed a scorpion
   123 | D        | Killed a tarantella
   123 | D        | Reached skill level 13 in Maces & Flails
   123 | D        | Reached XP level 3. HP: 28/28 MP: 2/2
   123 | D        | Reached XP level 4. HP: 35/35 MP: 2/2
   123 | D        | Reached XP level 5. HP: 40/40 MP: 2/2
   128 | D        | Killed a scorpion
   128 | D        | Reached skill level 14 in Maces & Flails
   140 | D        | Entered arena 2.
   140 | D        | Noticed an ancient zyme
   162 | D        | Killed an ancient zyme
   162 | D        | Reached skill level 10 in Armour
   162 | D        | Reached XP level 6. HP: 36/47 MP: 3/3
   168 | D        | Got the ring "Groqayla" {Fire rElec rPois rN+ Slay+2}
   174 | D        | Entered arena 3.
   174 | D        | Noticed a deep elf priest
   174 | D        | Noticed a deep elf conjurer
   174 | D        | Noticed a deep elf conjurer
   174 | D        | Noticed a deep elf conjurer
   186 | D        | Killed a deep elf conjurer
   186 | D        | Reached XP level 7. HP: 19/52 MP: 3/3
   194 | D        | Killed from afar by a deep elf conjurer

Action                   |  1- 3 |  4- 6 |  7- 9 || total
-------------------------+-------+-------+-------++-------
Melee: Demon whip        |    16 |    33 |     7 ||    56
  Use: Potion            |     5 |     1 |     1 ||     7
 Stab: Invisible         |       |       |     3 ||     3
